 Dungeon Crawl Stone Soup version 0.20-a0-1000-g0e8f6bb (webtiles) character file.

42 Hybris the Scratcher (level 3, -4/15 HPs)
             Began as a Felid Transmuter on Apr 12, 2017.
             Slain by Robin
             ... wielding a +4 mace of protection
              (6 damage)
             ... on level 2 of the Dungeon.
             The game lasted 00:05:13 (1910 turns).

Hybris the Scratcher (Felid Transmuter)             Turns: 1910, Time: 00:05:13

Health: -4/15      AC:  1    Str:  6    XL:     3   Next: 33%
Magic:  1/7        EV: 18    Int: 14    God:
Gold:   48         SH:  0    Dex: 17    Spells: 0/6 levels left
                                        Lives:  0   Deaths: 0

rFire    . . .     SeeInvis +     - Unarmed
rCold    . . .     Gourm    .   (shield unavailable)
rNeg     . . .     Faith    .   (armour unavailable)
rPois    .         Spirit   .   (helmet unavailable)
rElec    .         Reflect  .   (cloak unavailable)
rCorr    .         Harm     .   (gloves unavailable)
MR       .....                  (boots unavailable)
Stlth    ++........             (no amulet)
Regen    0.1/turn               j - ring of see invisible
MPRegen  0.1/turn               (no ring)

@: appendage (expiring), very slightly contaminated, quick
A: no armour, no weapons or thrown items, stealth, claws 1, fangs 3, horns 2,
see invisible, carnivore 3, speed 1, shaggy fur 1, slow metabolism 1, sharp paws
a: End Transformation


You were on level 2 of the Dungeon.
You were completely stuffed.
You had grown temporary horns.
You visited 1 branch of the dungeon, and saw 2 of its levels.

You collected 48 gold pieces.

Inventory:

Missiles
 a - 41 arrows
Jewellery
 j - a ring of see invisible (left paw)
Scrolls
 d - a scroll of magic mapping {unknown}
 f - 2 scrolls of identify {unknown}
 k - a scroll of fog {unknown}
 m - a scroll of remove curse {unknown}
 o - a scroll of amnesia {unknown}
Potions
 e - a potion of flight {unknown}
 g - a potion of degeneration {unknown}
 i - a potion of mutation {unknown}
 l - a potion of haste {unknown}
 n - a potion of curing {unknown}
 p - a potion of heal wounds {unknown}
Books
 b - a book of Changes

   Spells                             Type                      Level
   a - Beastly Appendage              Transmutation                1
   b - Sticks to Snakes               Transmutation                2
   c - Spider Form                    Transmutation/Poison         3
   d - Ice Form                       Ice/Transmutation            4
   e - Blade Hands                    Transmutation                5
Comestibles
 c - 2 meat rations
 h - 7 chunks of flesh


   Skills:
 - Level 1.0 Fighting
 - Level 2.6 Dodging
 * Level 4.0 Unarmed Combat
 - Level 2.0 Spellcasting
 + Level 2.9 Transmutations


You couldn't memorise any spells.
You knew the following spells:

 Your Spells              Type           Power        Failure   Level  Hunger
a - Beastly Appendage     Tmut           #.....       10%         1    ##.....
b - Sticks to Snakes      Tmut           #.......     14%         2    ###....
c - Spider Form           Tmut/Pois      #.........   47%         3    ####...


Dungeon Overview and Level Annotations

Branches:
Dungeon (2/15)

Altars:
Ru

Annotations:
D:2 Robin


Innate Abilities, Weirdness & Mutations

You cannot wear armour.
You are incapable of wielding weapons or throwing items.
Your paws allow you to move quietly. (Stealth)
You have sharp claws.
You have razor-sharp teeth.
You have supernaturally acute eyesight. (SInv)
You are carnivorous and can eat meat at any time.
You cover ground quickly.
You are covered in fur. (AC +1)
You have a slow metabolism.
Your sharp claws are effective at attacking unaware monsters.
You have a pair of horns on your head.


Message History

You hear a shout!
You hear an angry hiss.
Robin throws the goblin at you!
You scratch the goblin.
The goblin is heavily wounded.
The goblin misses you. Robin misses you.
You barely miss the goblin. Your headbutt misses the goblin.
The goblin is heavily wounded.
The goblin misses you.
You miss the goblin.
The goblin is heavily wounded.
Your transformation is almost over.
Robin hits you with a mace of protection!
Ouch! That really hurt!
* * * LOW HITPOINT WARNING * * *
The goblin hits you.
* * * LOW HITPOINT WARNING * * *
You completely miss the goblin. Your bite misses the goblin.
The goblin is heavily wounded.
Robin hits you with a mace of protection.
You die...

g..g... g.gg... # .ggg... .
....... .# ..g.K..#####.#
.. .g..........<# ..
.............#
.###########gg.?..###
....(....g@gg........
#######.######.###.(....###
........# #.# #......#
........## #.# #......#
.........# #.# #......#
.......#.## #.# #......#
..######..# #.# ########
#.#######.# #.#
.......##.## #.#


You could see Robin, 2 hobgoblins and 2 goblins.

Vanquished Creatures
  An adder (D:2)
  A dart slug (D:2)
  A leopard gecko (D:1)
  A ball python (D:1)
  6 bats
  9 goblins
  3 hobgoblins
  A quokka (D:2)
  A frilled lizard (D:1)
  4 kobolds
  4 rats
32 creatures vanquished.

Notes
Turn   | Place    | Note
-------+----------+-------------------------------------------
     0 | D:1      | Hybris the Felid Transmuter began the quest for the Orb.
     0 | D:1      | Reached XP level 1. HP: 9/9 MP: 4/4
   728 | D:1      | Reached XP level 2. HP: 4/12 MP: 3/6
  1012 | D:1      | Learned a level 2 spell: Sticks to Snakes
  1603 | D:2      | Found a sacrificial altar of Ru.
  1729 | D:2      | Reached XP level 3. HP: 8/15 MP: 0/7
  1850 | D:2      | Learned a level 3 spell: Spider Form
  1881 | D:2      | Reached skill level 4 in Unarmed Combat
  1887 | D:2      | Noticed Robin
  1910 | D:2      | Slain by Robin

Vault maps used:
D:1:      minmay_arrival_pointy
D:2:      lemuel_doored_altar, first_bread, uniq_robin

Skill      XL: |  1  2  3 |
---------------+----------+-----
Unarmed Combat | 4 |  4.0
Fighting       | |  1.0
Dodging        | |  2.6
Spellcasting   | |  2.0
Transmutations | |  2.9

Action                   || total
-------------------------++-------
Melee: Unarmed           ||    83
       Bite              ||     8
       Headbutt          ||     7
 Cast: Beastly Appendage ||    20
       Sticks to Snakes  ||     2
 Stab: Sleeping          ||     3
  Eat: Chunk             ||    10
Armor: Skin              ||     8
Dodge: Dodged            ||    78
